 Dungeon Crawl Stone Soup version 0.31-a0-222-gefeffbb62a (webtiles) character file.

Game seed: 6080092080240418865

31 qw the Shield-Bearer (level 3, -2/23 HPs)
             Began as a Gargoyle Fighter on July 4, 2023.
             Slain by a worm (3 damage)
             ... on level 2 of the Dungeon.
             The game lasted 00:00:25 (1016 turns).

qw the Shield-Bearer (Gargoyle Fighter)             Turns: 1016, Time: 00:00:25

Health: -2/23      AC: 10    Str: 21    XL:     3   Next: 22%
Magic:  3/3        EV:  9    Int:  8    God:
Gold:   68         SH:  4    Dex:  9    Spells: 2/2 levels left

rFire   . . .        Y - +0 war axe
rCold   . . .        c - +0 buckler
rNeg    + . .        b - +0 scale mail
rPois   inf          (no helmet)
rElec   +            (no cloak)
rCorr   .            (no gloves)
SInv    .            (no boots)
Will    .....        (no amulet) Stlth
                     (no ring)
HPRegen 0.23/turn    (no ring)
MPRegen 0.08/turn

%: no passive effects
@: no status effects
A: sickness immunity, AC +3, negative energy resistance 1, electricity
resistance, torment resistance 1, petrification resistance
a: no special abilities


You were on level 2 of the Dungeon.
You visited 1 branch of the dungeon, and saw 2 of its levels.

You collected 68 gold pieces.


Innate Abilities, Weirdness & Mutations

You are immune to sickness and miasma.
Your stone body is resilient. (AC +3)
You are immune to poison.
You resist negative energy. (rN+)
You are resistant to electric shocks. (rElec)
You are resistant to unholy torment.
You are immune to petrification.


   Skills:
 - Level 3.2 Fighting
 - Level 3.1 Axes
 + Level 0.5 Throwing
 - Level 3.2 Armour
 - Level 3.2 Shields


You had 2 spell levels left.
You didn't know any spells.
Your spell library was empty.

Inventory:

Hand Weapons
 f - a +0 club
 Y - a +0 war axe (weapon)
Missiles
 h - 6 javelins (quivered)
Armour
 b - a +0 scale mail (worn)
 c - a +0 buckler (worn)
Scrolls
 a - a scroll of teleportation {unknown}
Potions
 d - 2 potions of might

Dungeon Overview and Level Annotations

Branches:
Dungeon (2/15)

Altars:


Message History

The worm bites you.
The goblin shoots a sling bullet.
The sling bullet hits you.
You barely miss the worm.
The worm is moderately wounded.
The goblin shoots a sling bullet.
The sling bullet hits you but does no damage.
The worm bites you but does no damage.
The goblin shoots a sling bullet.
The sling bullet barely misses you.
You barely miss the worm.
The worm is moderately wounded.
The goblin shoots a sling bullet.
The sling bullet hits you but does no damage.
The worm bites you.
You hit the worm.
The worm is moderately wounded.
The goblin shoots a sling bullet.
The sling bullet hits you. You block the worm's attack.
You slash the worm!
The worm is severely wounded.
The goblin shoots a sling bullet.
The sling bullet closely misses you.
The goblin shoots a sling bullet.
The sling bullet hits you but does no damage.
You block the worm's attack.
You barely miss the worm.
The worm is severely wounded.
The goblin shoots a sling bullet.
The sling bullet barely misses you.
You hit the worm.
The worm is almost dead.
The goblin shoots a sling bullet.
The sling bullet hits you. The worm bites you.
You hit the worm but do no damage.
The worm is almost dead.
The goblin shoots a sling bullet.
The sling bullet hits you but does no damage.
The worm completely misses you.
The goblin shoots a sling bullet.
The sling bullet barely misses you.
You hit the worm.
The worm is almost dead.
The goblin shoots a sling bullet.
The sling bullet hits you but does no damage.
The worm bites you.
You die...

#.... ####.##..... #...#
#.......)...
#...#####.##.##.....
#...#...#.##.##.....
#####...#...#.##.##.#...
...............#.##.##.#
..g...........>#.##.##..
...............#.##.####
#####..@#...####....####
#..w#...# #..#.<...
#...##### #....... #...#
#....... #...# #...##..
#...# ..###.... #...#
#.. .#.. .#.## #.. #....
#.# ....#


You could see a worm and a goblin.

Vanquished Creatures
  2 worms (D:2)
  A dart slug (D:1)
  A ball python (D:1)
  2 endoplasms
  A giant cockroach (D:2)
  A hobgoblin (D:1)
  3 kobolds (D:1)
  4 quokkas (D:1)
  2 bats
  2 frilled lizards
  2 goblins (D:1)
  2 rats (D:1)
23 creatures vanquished.

Notes
Turn   | Place    | Note
-------+----------+-------------------------------------------
     0 | D:1      | qw the Gargoyle Fighter began the quest for the Orb.
     0 | D:1      | Reached XP level 1. HP: 14/14 MP: 1/1
     0 | D:1      | 0 ||| qw: Version: 0.3-a-46-gb1f654a
     0 | D:1      | 0 ||| qw: Game counter: 850
     0 | D:1      | 0 ||| qw: Melee chars always use a shield: true
     0 | D:1      | 0 ||| qw: God list: Okawaru
     0 | D:1      | 0 ||| qw: Allow faded altars: false
     0 | D:1      | 0 ||| qw: Do Orc after clearing Dungeon:15 true
     0 | D:1      | 0 ||| qw: Do second Lair branch before Depths: true
     0 | D:1      | 0 ||| qw: Lair rune preference: random
     0 | D:1      | 0 ||| qw: Goals: Normal, Zot:1-4, Slime:5, God:TSO, Crypt,
                  | Tomb, Abyss, Pan, Hells, Win
     0 | D:1      | 0 ||| PLANNING D:1-11
   138 | D:1      | 138 ||| Stepping ~*~*~tactically~*~*~ (stealth).
   139 | D:1      | 139 ||| Stepping ~*~*~tactically~*~*~ (stealth).
   146 | D:1      | Reached XP level 2. HP: 17/19 MP: 2/2
   147 | D:1      | 147 ||| Stepping ~*~*~tactically~*~*~ (hiding).
   917 | D:1      | 917 ||| READING scroll labelled XOHAOZX XIYJIPT.
   918 | D:1      | 918 ||| READING scroll labelled UCIDEX JOYFURU.
   945 | D:2      | Reached skill level 3 in Axes
   945 | D:2      | Reached XP level 3. HP: 23/23 MP: 3/3
  1014 | D:2      | HP: 1/23 [worm (6)]
  1016 | D:2      | Slain by a worm

Levels and vault maps discovered:
D:1:      dpeg_arrival_tiny_g, layout_basic, minmay_misc_feat_roman
D:2:      layout_loops_cross, grunt_ministairs_11

Skill      XL: |  1  2 |
---------------+-------+-----
Axes           | 2 3 |  3.1
Fighting       | |  3.2
Throwing       | |  0.5
Armour         | |  3.2
Shields        | |  3.2

Action                     || total
---------------------------++-------
  Melee: War axe           ||    65
  Throw: Javelin           ||     8
    Use: Scroll            ||     2
 Armour: Scale mail        ||    30
  Dodge: Dodged            ||    32
  Block: Buckler           ||    13

Table legend:
 A = Non-vault XP
 B = Vault XP
 C = Vault XP percentage of total XP
 D = Non-vault monster count
 E = Vault monster count
 F = Vault count percentage of total count
                 A         B        C        D         E       F
            +---------+---------+-------+---------+---------+-------
      Total |      45 |       0 |   0.0 |      23 |       0 |   0.0
            +---------+---------+-------+---------+---------+-------
        D:1 |      29 |       0 |   0.0 |      17 |       0 |   0.0
        D:2 |      16 |       0 |   0.0 |       6 |       0 |   0.0
            +---------+---------+-------+---------+---------+-------
